 Dungeon Crawl Stone Soup version bcrawl-1.39.1 (webtiles) character file.

Game seed: 14993769110014772115

214249 EyeofHorus the Skirmisher (level 4, 0/50 HPs)
             Began as an Ogre Reaver on July 11, 2023.
             Was an Initiate of Vehumet.
             Slain by a centaur zombie (1 damage)
             ... in an ossuary.
             The game lasted 00:10:35 (694 turns).

EyeofHorus the Skirmisher (Ogre Reaver)              Turns: 694, Time: 00:10:35

Health: 0/50       AC:  6    Str: 16    XL:     4   Next: 42%
Magic:  8/8        EV: 10    Int: 15    God:    Vehumet [......]
Gold:   97         SH:  0    Dex:  7    Spells: 8/8 levels left

rFire    . . .     GDR:     18% a - +1 flail
rCold    . . .     SeeInvis .   (no shield)
rNeg     . . .     Gourm    .   b - +0 steam dragon scales
rPois    .         Faith    +   (helmet restricted)
rElec    .         Spirit   .   (no cloak)
rCorr    .         Reflect  .   (gloves unavailable)
MR       .....                  (boots unavailable)
Stlth    +.........             p - amulet of faith
HPRegen  0.18/turn              (no ring)
MPRegen  0.11/turn              (no ring)

@: marked
A: large, unfitting armour, tough skin 1
a: Renounce Religion


You were in an ossuary.
You worshipped Vehumet.
Vehumet was noncommittal.
You were hungry.

You visited 1 branch of the dungeon, and saw 5 of its levels.
You also visited: Ossuary.

You collected 97 gold pieces.

Inventory:

Hand Weapons
 a - a +1 flail (weapon)
 m - a +0 whip
Missiles
 g - 299 stones (quivered)
 h - 278 sling bullets
Armour
 b - +0 steam dragon scales (worn)
Jewellery
 p - an amulet of faith (around neck)
Scrolls
 c - a scroll of amnesia {unknown}
 d - a scroll of immolation
 i - 2 scrolls of identify
 k - 2 scrolls of teleportation {unknown}
 u - 2 scrolls of remove curse {unknown}
 v - 2 scrolls of blinking {unknown}
Potions
 f - a potion of flight {unknown}
 q - a potion of haste
 r - a potion of lignification {unknown}
 s - a potion of agility {unknown}
 t - a potion of curing {unknown}
Comestibles
 e - 2 rations {!d}


   Skills:
 + Level 5.1 Fighting
 + Level 4.5 Maces & Flails
 + Level 3.2 Dodging
 + Level 0.3 Stealth
 + Level 2.7 Spellcasting


You had 8 spell levels left.
You didn't know any spells.
Your spell library contained the following spells:

 Spells                   Type           Power        Failure   Level  Hunger
 Iskenderun's Battlesphe  Conj/Chrm      #.......     99%         5    #######


Dungeon Overview and Level Annotations

Branches:
Dungeon (5/12)
 Temple: D:4-7

Altars:
Okawaru


Innate Abilities, Weirdness & Mutations

You are too large for most types of armour.
You have tough skin. (AC +1)


Message History

The centaur zombie hits you.
The centaur zombie hits you but does no damage.
The human zombie hits you.
You sock the centaur zombie!
The centaur zombie is heavily damaged.
The centaur zombie hits you.
* * * LOW HITPOINT WARNING * * *
The centaur zombie barely misses you. The human zombie barely misses you.
You thump the centaur zombie!
The centaur zombie is severely damaged.
The centaur zombie barely misses you. The centaur zombie hits you.
* * * LOW HITPOINT WARNING * * *
The human zombie hits you.
* * * LOW HITPOINT WARNING * * *
You hit the centaur zombie.
The centaur zombie is severely damaged.
The centaur zombie hits you.
* * * LOW HITPOINT WARNING * * *
The centaur zombie hits you.
You die...

#+# ###.### #####
##.....## ##...##
#.......# #.....#
#...∩...###....Z##
...∩∩∩...'....§Z@#
#...∩...###...§Z##
#.......# #....§#
##.....## ##...##
###.### ##### #+#


You could see 2 centaur zombies and a human zombie.

Vanquished Creatures
  A hound (D:5)
  A mummy (Ossuary)
  An adder (D:3)
  A centaur zombie (Ossuary)
  An adder skeleton (D:4)
  A dart slug (D:1)
  An orc (D:5)
  A bat (D:1)
  A giant cockroach (D:1)
  2 goblins (D:1)
  3 jackals
  A kobold (D:2)
  A rat (D:1)
16 creatures vanquished.

Notes
Turn   | Place    | Note
-------+----------+-------------------------------------------
     0 | D:1      | EyeofHorus the Ogre Reaver began the quest for the Orb.
     0 | D:1      | Reached XP level 1. HP: 24/24 MP: 3/3
    63 | D:1      | Reached XP level 2. HP: 28/32 MP: 3/5
   351 | D:4      | Reached XP level 3. HP: 37/40 MP: 6/6
   372 | D:4      | Found an iron altar of Okawaru.
   414 | D:5      | Entered Level 5 of the Dungeon
   429 | D:5      | Reached XP level 4. HP: 25/49 MP: 6/8
   450 | D:5      | Noticed a troll
   480 | D:5      | Found a sand-covered staircase.
   485 | Ossuary  | Entered an ossuary
   680 | Ossuary  | Reached skill level 5 in Fighting
   685 | Ossuary  | HP: 2/50 [centaur zombie (7)]
   694 | Ossuary  | HP: 1/50 [centaur zombie (3)]
   694 | Ossuary  | Slain by a centaur zombie

Skill      XL: |  1  2  3  4 |
---------------+-------------+-----
Maces & Flails | 4 |  4.5
Dodging        | 3 |  3.2
Fighting       | 5 |  5.1
Stealth        | |  0.3
Spellcasting   | |  2.7

Action                   |  1- 3 |  4- 6 || total
-------------------------+-------+-------++-------
Melee: Flail             |    52 |    22 ||    74
  Use: Potion            |       |     4 ||     4
       Scroll            |       |     3 ||     3
  Eat: Chunk             |       |     1 ||     1
Armor: Steam dragon scal |    36 |    20 ||    56
Dodge: Dodged            |    41 |    32 ||    73
